 Dungeon Crawl Stone Soup version 0.18.1-48-g4cf74bf (webtiles) character file.

267 sdOOK the Shooter (level 6, -5/64 HPs)
             Began as a Human Arcane Marksman on Sept 5, 2016.
             Killed from afar by an orc wizard (6 damage)
             ... with an exploding inner flame
             ... hexed by the player character
             ... on level 4 of the Dungeon.
             The game lasted 00:24:30 (3215 turns).

sdOOK the Shooter (Human Arcane Marksman)           Turns: 3215, Time: 00:24:31

Health: -5/64      AC: 23    Str: 11    XL:     6   Next: 45%
Magic:  17/18      EV:  2    Int: 14    God:
Gold:   145        SH:  0    Dex: 14    Spells: 3 memorised, 3 levels left

rFire  . . .     SeeInvis .     a - +1 shortbow
rCold  . . .     Gourm    .     (armour currently unavailable)
rNeg   + + +     Faith    .     (shield currently unavailable)
rPois  +         Spirit   .     (helmet currently unavailable)
rElec  .         Dismiss  .     (cloak currently unavailable)
rCorr  .         Reflect  .     (gloves currently unavailable)
SustAt .         Harm     .     (boots currently unavailable)
MR     .....     NoTele   +     (no amulet)
Stlth  +.........               (no ring)
                                l - ring of magical power

@: lethally poisoned (-5 -> -10), tree-form, not resistant to hostile
enchantments, very unstealthy
A: no striking features
a: no special abilities


You were on level 4 of the Dungeon.
You were not hungry.
You were a tree.
You visited 1 branch of the dungeon, and saw 4 of its levels.

You collected 145 gold pieces.

Inventory:

Hand Weapons
 a - a +1 shortbow (weapon)
 j - a +0 blowgun
Missiles
 d - 69 arrows (quivered)
 g - 22 poisoned needles
Armour
 b - a +0 robe (melded)
 i - a +0 cloak (melded)
 m - a +0 pair of gloves (melded)
Jewellery
 l - a ring of magical power (left branch)
Scrolls
 e - 2 scrolls of remove curse
 n - a scroll of enchant armour {unknown}
 q - a scroll of blinking {unknown}
Books
 c - a book of Debilitation

   Spells                             Type                      Level
   a - Corona                         Hexes                        1
   b - Slow                           Hexes                        2
   c - Gell's Gravitas                Hexes/Translocation          3
   d - Inner Flame                    Hexes/Fire                   3
   e - Cause Fear                     Hexes                        4
   f - Leda's Liquefaction            Hexes/Earth                  4
 o - a book of the Earth

   Spells                             Type                      Level
   a - Leda's Liquefaction            Hexes/Earth                  4
   b - Bolt of Magma                  Conjuration/Fire/Earth       5
   c - Statue Form                    Transmutation/Earth          6
   d - Iron Shot                      Conjuration/Earth            6
   e - Shatter                        Earth                        9
Comestibles
 f - 4 bread rations
 s - a chunk of flesh


   Skills:
 + Level 1.1 Fighting
 + Level 4.5 Bows
 + Level 2.6 Dodging
 + Level 0.2 Stealth
 + Level 2.1 Spellcasting
 + Level 4.2 Hexes
 + Level 0.4 Translocations


You had 3 spell levels left.
You knew the following spells:

 Your Spells              Type           Power        Failure   Level  Hunger
a - Corona                Hex            ##.....      4%          1    #......
b - Slow                  Hex            ##......     10%         2    ###....
c - Gell's Gravitas       Hex/Tloc       #.........   30%         3    ###....


Dungeon Overview and Level Annotations

Branches:
Dungeon (4/15)
 Temple: D:4-7

Altars:
Fedhas
Pakellas
Xom


Message History

Press: ? - help, Shift-Dir - straight line, f/p - orc priest
Aim: an orc priest, wielding a falchion (almost dead, inner flame)
You shoot an arrow.
The arrow closely misses the orc priest.
The arrow closely misses the orc.
* * * LOW HITPOINT WARNING * * *
You feel sick.
The orc wizard points at you and mumbles some strange words.
You resist with some effort.
The orc priest hits you but does no damage.
The orc wizard hits you but does no damage.
Firing (i - inventory):
d - 69 arrows (quivered)
Press: ? - help, Shift-Dir - straight line, f/p - orc priest
Aim: an orc priest, wielding a falchion (almost dead, inner flame)
You shoot an arrow. The arrow hits the orc priest!
The orc priest explodes!
The fiery explosion engulfs the orc wizard.
The orc wizard explodes!
The fiery explosion engulfs you!
You die...

# . .## ## (. # ##.
#.## #.#... ...#
#.....##########.(.#
.........§♣§o..(.(.#
#......<.§§####...##
<.#......§## ##..#
##..>..## #.#
##...## .# ##+## .#
#


You could see an orc.

Vanquished Creatures
  Crazy Yiuf (D:2)
  Ijyb (D:3)
  Terence (D:2)
  Robin (D:2)
  6 adders
  4 gnolls (D:3)
  3 worms (D:2)
  2 dart slugs
  An orc (D:3)
  A giant cockroach (D:1)
  12 hobgoblins
  2 jackals (D:3)
  5 quokkas
  A ball python (D:3)
  4 bats
  3 giant newts
  12 goblins
  11 kobolds
  8 rats
79 creatures vanquished.

Notes
Turn   | Place    | Note
--------------------------------------------------------------
     0 | D:1      | sdOOK the Human Arcane Marksman began the quest for the Orb.
     0 | D:1      | Reached XP level 1. HP: 15/15 MP: 2/2
   437 | D:1      | Reached XP level 2. HP: 21/21 MP: 1/3
   738 | D:1      | Reached XP level 3. HP: 26/26 MP: 2/4
  1101 | D:2      | Learned a level 2 spell: Slow
  1229 | D:2      | Noticed Terence
  1276 | D:2      | Killed Terence
  1276 | D:2      | Reached XP level 4. HP: 29/32 MP: 6/6
  1511 | D:2      | Noticed Robin
  1526 | D:2      | Reached XP level 5. HP: 30/37 MP: 7/7
  1555 | D:2      | Killed Robin
  1704 | D:2      | Found a blossoming altar of Fedhas.
  1779 | D:2      | Learned a level 3 spell: Gell's Gravitas
  1793 | D:2      | Noticed Crazy Yiuf
  1807 | D:2      | Killed Crazy Yiuf
  2316 | D:3      | Noticed Ijyb
  2351 | D:3      | Killed Ijyb
  2546 | D:3      | Reached XP level 6. HP: 42/43 MP: 8/8
  2568 | D:3      | Found an oddly glowing altar of Pakellas.
  2810 | D:3      | Found a shimmering altar of Xom.
  3212 | D:4      | HP: 3/64 [poisoned by an orc wizard]
  3214 | D:4      | HP: 1/64 [poisoned by an orc wizard]
  3215 | D:4      | Killed from afar by an orc wizard

Skill      XL: |  1  2  3  4  5  6 |
---------------+-------------------+-----
Bows           | 3 4 |  4.5
Hexes          | 4 |  4.2
Spellcasting   | 2 |  2.1
Fighting       | |  1.1
Dodging        | |  2.6
Stealth        | |  0.2
Translocations | |  0.4

Action                   |  1- 3 |  4- 6 || total
-------------------------+-------+-------++-------
 Fire: Shortbow          |    97 |   198 ||   295
 Cast: Corona            |    11 |    13 ||    24
       Slow              |     3 |    30 ||    33
       Gell's Gravitas   |       |     6 ||     6
  Use: Scroll            |     7 |     3 ||    10
       Potion            |     3 |     4 ||     7
  Eat: Chunk             |     1 |     9 ||    10
       Beef jerky        |       |     1 ||     1
Armor: Robe              |     9 |    17 ||    26
       Skin              |       |     4 ||     4
Dodge: Dodged            |    28 |    44 ||    72
